 Dungeon Crawl Stone Soup version 0.28.0-43-g3370ac3207 (webtiles) character file.

Game seed: 18258255665473279623

8720 graymark the Covert (level 11, -2/104 HPs)
             Began as a Naga Chaos Knight on Mar 2, 2022.
             Was a Plaything of Xom.
             Slain by a yak (10 damage)
             ... led by a torpor snail
             ... on level 2 of the Lair of Beasts.
             The game lasted 00:43:40 (9721 turns).

graymark the Covert (Naga Chaos Knight)             Turns: 9721, Time: 00:43:40

Health: -2/104     AC: 11    Str: 18    XL:     11   Next: 35%
Magic:  0/11       EV: 13    Int: 29    God:    Xom [....*.]
Gold:   596        SH:  0    Dex: 20    Spells: 5/10 levels left

rFire   . . .      SeeInvis +   q - +7 halberd "Qerutrayz" {vorpal, *Rage Int+8 Dex+9 Stlth-}
rCold   . . .      Faith    .   (shield currently unavailable)
rNeg    . . .      Spirit   +   h - +4 ring mail
rPois   +          Reflect  .   G - +0 hat
rElec   .          Harm     .   y - scarf {+Inv}
rCorr   .          Rampage  .   (no gloves)
Will    +....      Rage     20% (no barding)
Stlth   +++.......              s - amulet of guardian spirit
HPRegen 0.27/turn               x - +6 ring of intelligence
MPRegen 0.12/turn               j - ring of flight

@: on berserk cooldown, flying, slowed, unable to read, very slow
A: AC +3, large, see invisible, deformed body, poison resistance, slowness 2,
spit poison 1, naga tail 1, clever 1, inability to read while threatened
a: Spit Poison, Renounce Religion, Evoke Invisibility


You were on level 2 of the Lair of Beasts.
You worshipped Xom.
You were a beloved toy of Xom.
You visited 2 branches of the dungeon, and saw 10 of its levels.
You also visited: Sewer.

You collected 596 gold pieces.

Inventory:

Hand Weapons
 a - a +0 spear of chaos
 g - a +2 trident of chaos
 m - a +0 hunting sling
 q - the +7 halberd "Qerutrayz" (weapon) {vorpal, *Rage Int+8 Dex+9 Stlth-}
   (You found it on level 3 of the Dungeon)

   It inflicts extra damage upon your enemies.
   Int:       It affects your intelligence (+8).
   Dex:       It affects your dexterity (+9).
   *Rage:     It berserks you when you make melee attacks (+20% chance).
   Stlth:     It makes you less stealthy.
 z - a +5 flail of draining
 H - a +4 quarterstaff
Missiles
 n - 276 stones
 t - 39 sling bullets
 F - 2 throwing nets (quivered)
Armour
 b - a +3 leather armour
 h - a +4 ring mail (worn)
 y - a scarf of invisibility (worn)
 G - a +0 hat (worn)
 I - the +1 leather armour of Meisidoh {rC+}
   (You found it on level 1 of the Lair of Beasts)

   rC:        It protects you from cold.
 M - a +0 cloak
 N - a +0 ring mail of willpower
Jewellery
 j - a ring of flight (right hand)
 s - an amulet of guardian spirit (around neck)
 x - a +6 ring of intelligence (left hand)
Wands
 J - a wand of acid (8)
 K - a wand of flame (20)
Scrolls
 c - 2 scrolls of vulnerability
 d - 6 scrolls of immolation
 f - 7 scrolls of teleportation
 k - a scroll of fog {unknown}
 u - 2 scrolls of blinking
 w - 2 scrolls of silence
 B - a scroll of noise {unknown}
 D - 2 scrolls of fear {unknown}
 L - a scroll of torment
Potions
 e - 5 potions of curing
 i - 2 potions of haste
 l - 3 potions of heal wounds
 o - a potion of lignification
 p - 2 potions of attraction
 r - 2 potions of brilliance
 v - a potion of invisibility
 A - 3 potions of might
 C - a potion of magic {unknown}
 E - 3 potions of mutation


   Skills:
 * Level 8.7 Fighting
 * Level 8.9 Polearms
 * Level 7.1 Armour
 * Level 6.9 Dodging
 + Level 9.0 Stealth


You had 5 spell levels left.
You knew the following spells:

 Your Spells              Type           Power      Damage    Failure   Level
a - Blink                 Tloc           0%         N/A       26%         2
b - Swiftness             Air            0%         N/A       45%         3

Your spell library contained the following spells:

 Spells                   Type           Power      Damage    Failure   Level
 Shock                    Conj/Air       0%         1d3       17%         1
 Scorch                   Fire           0%         2d5       26%         2
 Conjure Flame            Conj/Fire      0%         6-21      45%         3
 Ignite Poison            Fire/Tmut/Pois 0%         N/A       45%         3
 Lesser Beckoning         Tloc           0%         N/A       45%         3
 Stone Arrow              Conj/Erth      0%         3d7       45%         3
 Airstrike                Air            0%         N/A       86%         4
 Animate Armour           Summ/Erth      0%         N/A       86%         4
 Flame Wave               Conj/Fire      0%         2d4       86%         4
 Sticky Flame             Conj/Fire      0%         2d3       86%         4
 Manifold Assault         Tloc           0%         N/A       99%         5
 Summon Cactus Giant      Summ           0%         N/A       100%        6
 Storm Form               Tmut/Air       0%         N/A       100%        7
 Lehudib's Crystal Spear  Conj/Erth      0%         10d2      100%        8


Dungeon Overview and Level Annotations

Branches:
Dungeon (8/15)             Temple (0/1) D:7            Lair (2/6) D:8
  Sewer (visited)
  Swamp: Lair:2-4    Shoals: Lair:2-4     Snake: Lair:2-4    Spider: Lair:2-4

Altars:
Dithmenos
Elyvilon
Fedhas
Gozag
Hepliaklqana
Nemelex Xobeh
Ru
Uskayaw

Shops:
D:3 *


Innate Abilities, Weirdness & Mutations

Your serpentine skin is tough. (AC +3)
You have supernaturally acute eyesight. (SInv)
Armour fits poorly on your strangely shaped body.
Your system is resistant to poisons. (rPois)
You cover ground very slowly.
You can spit poison.
You have a snake-like lower body.
Your mind is acute. (Int +2)
You sometimes lose the ability to read scrolls when taking damage.


Message History

The eight-headed hydra closely misses you.
The eight-headed hydra barely misses you.
The yak bellows!
You thump the eight-headed hydra!
You kill the eight-headed hydra!
You feel sick.
You hear a bellow!
The yak gores you!
* * * LOW HITPOINT WARNING * * *
A yak comes into view. x2
Your Stealth skill increases to level 9!
You feel clever.
You feel agile.
q - the +7 halberd "Qerutrayz" (weapon)
{vorpal, *Rage Int+8 Dex+9 Stlth-} You feel sick.
The yak bellows!
You barely miss the yak.
You feel sick. The yak closely misses you.
A yak comes into view.
Your four-headed hydra bites the yak.
Your four-headed hydra bites the yak!
Your four-headed hydra bites the yak.
Your four-headed hydra bites the yak but does no damage.
You barely miss the yak.
The yak is severely wounded.
A yak comes into view.
The yak gores you!
* * * LOW HITPOINT WARNING * * *
Unknown command.
You are too berserk!
You are no longer berserk.
You are exhausted.
You feel yourself slow down.
* * * LOW HITPOINT WARNING * * *
You feel sick.
Your four-headed hydra bites the yak. x2
Your four-headed hydra bites the yak!
The yak dies!
Your four-headed hydra closely misses the yak.
You feel better.
You can read scrolls again.
The yak gores you!
You feel threatened and lose the ability to read scrolls!
You die...

#.... ###..###
..# #.⌠)##......#
...##........####
#...........##.P
#.........##..#
#.......##...## .
##.............
..Y.#.⌠D.........
.Y.Y...Y@........
.YYY...Y.........
.....#######.####
..... ## .... ..
.


You could see 8 yaks and a friendly four-headed hydra (summoned).

Vanquished Creatures
  A hydra (Lair:2)
  A swamp dragon (Lair:2)
  A black mamba (Lair:2)
  A cane toad (Lair:2)
  A gargoyle (D:7)
  13 yaks
  A wyvern (D:8)
  Sigmund (D:2)
  A steam dragon (D:6)
  Edmund (D:5)
  A water moccasin (D:4)
  4 orc warriors
  2 sky beasts
  6 black bears
  A hornet zombie (D:8)
  5 ogres
  3 wolves (Lair:1)
  2 kobold brigands
  4 scorpions
  6 bullfrogs
  A water moccasin skeleton (D:2)
  An electric eel (D:8)
  4 wights (D:6)
  A bullfrog zombie (D:7)
  3 hounds
  4 jellies
  3 orc priests
  A gnoll shaman (D:7)
  A bullfrog skeleton (D:4)
  3 centaur skeletons
  3 iguanas
  Natasha (thrice) (D:2)
  5 orc wizards
  A hound zombie (D:5)
  A hound skeleton (D:5)
  A howler monkey zombie (D:7)
  Robin (D:2)
  7 gnolls
  2 howler monkey skeletons (D:4)
  15 adders
  A shadow imp (D:5)
  3 worms
  2 dart slugs
  20 orcs
  9 ball pythons
  6 bats
  7 endoplasms
  8 giant cockroaches
  9 goblins
  7 hobgoblins
  7 jackals
  17 kobolds
  8 quokkas
  10 frilled lizards
  A rat (D:2)
232 creatures vanquished.

Vanquished Creatures (collateral kills)
  2 yaks (Lair:2)
2 creatures vanquished.

Vanquished Creatures (others)
  A bush (Lair:2)
  8 fungi
  22 plants
31 creatures vanquished.

Grand Total: 265 creatures vanquished

Notes
Turn   | Place    | Note
-------+----------+-------------------------------------------
     0 | D:1      | graymark the Naga Chaos Knight began the quest for the Orb.
     0 | D:1      | Reached XP level 1. HP: 21/21 MP: 1/1
    99 | D:1      | Reached skill level 1 in Dodging
   103 | D:1      | Reached XP level 2. HP: 20/28 MP: 2/2
   325 | D:1      | Found a faded altar of an unknown god.
   512 | D:2      | XOM: potion effect (might)
   519 | D:1      | Reached skill level 1 in Stealth
   519 | D:1      | Reached XP level 3. HP: 34/34 MP: 3/3
   530 | D:2      | XOM: god gift: +2 trident of chaos
   593 | D:2      | Reached XP level 4. HP: 25/43 MP: 4/4
   657 | D:2      | Reached skill level 2 in Stealth
   805 | D:2      | Noticed Natasha
   817 | D:2      | Killed Natasha
   818 | D:2      | Reached XP level 5. HP: 32/50 MP: 5/5
   891 | D:2      | Noticed Natasha
   891 | D:2      | XOM: 4-stop teleportation journey
  1031 | D:2      | Noticed Robin
  1031 | D:2      | XOM: 3-stop teleportation journey
  1083 | D:2      | XOM: polymorph bat -> jackal
  1084 | D:2      | Killed Natasha
  1138 | D:2      | Noticed Natasha
  1144 | D:2      | Killed Natasha
  1144 | D:2      | XOM: summons 4 hostile shadow creatures
  1742 | D:2      | Killed Robin
  1743 | D:2      | Reached XP level 6. HP: 51/57 MP: 6/6
  1883 | D:2      | Noticed Sigmund
  1890 | D:2      | Killed Sigmund
  1891 | D:2      | Reached skill level 3 in Stealth
  1945 | D:2      | Learned a level 2 spell: Blink
  2054 | D:2      | XOM: summons 4 hostile demons
  2272 | D:2      | XOM: noise
  2353 | D:3      | Identified the +7 halberd "Qerutrayz" {vorpal, *Rage Int+8
                  | Dex+9 Stlth-}
  2388 | D:3      | Found an opulent altar of Gozag.
  2392 | D:3      | Found Gozag's Platinum Reserve.
  2509 | D:3      | Found a glowing drain.
  2531 | Sewer    | Entered a sewer
  2642 | Sewer    | Reached XP level 7. HP: 59/66 MP: 7/7
  2939 | D:3      | XOM: 4-stop teleportation journey
  3374 | D:3      | Reached skill level 4 in Stealth
  3425 | D:4      | Reached skill level 5 in Polearms
  3458 | D:4      | Reached skill level 5 in Fighting
  3458 | D:4      | Reached XP level 8. HP: 57/74 MP: 6/8
  3536 | D:4      | Found a blossoming altar of Fedhas.
  4082 | D:4      | XOM: summons 1 hostile shadow creature
  4105 | D:4      | XOM: butterfly on damage
  4108 | D:4      | Reached skill level 5 in Stealth
  4459 | D:5      | Entered Level 5 of the Dungeon
  4552 | D:5      | Found a shadowy altar of Dithmenos.
  4593 | D:5      | XOM: noise
  4738 | D:5      | Noticed Edmund
  4739 | D:5      | XOM: summons 3 friendly demons
  4747 | D:5      | Killed Edmund
  4748 | D:5      | Reached XP level 9. HP: 81/81 MP: 9/9
  4811 | D:5      | Noticed a +0 hand axe
  4811 | D:5      | Noticed a +0 dagger
  4813 | D:5      | XOM: enchant monster (bad)
  4946 | D:5      | Found a hide-covered altar of Uskayaw.
  4957 | D:5      | XOM: silly message
  5209 | D:6      | Reached skill level 6 in Stealth
  5256 | D:6      | Reached skill level 5 in Armour
  5504 | D:6      | Found a sacrificial altar of Ru.
  5545 | D:6      | Learned a level 3 spell: Swiftness
  5875 | D:6      | XOM: noise
  5956 | D:6      | XOM: polymorph scorpion -> steam dragon
  5961 | D:6      | Reached skill level 5 in Dodging
  6623 | D:7      | XOM: divination: detect items
  6631 | D:7      | XOM: god gift: scroll labelled AQERRISAPH {god gift}
  6884 | D:7      | XOM is BORED!
  6884 | D:7      | XOM: give mutations
  6884 | D:7      | Gained mutation: You sometimes lose the ability to read
                  | scrolls when taking damage. [Xom's mischief]
  6884 | D:7      | Gained mutation: Your muscles are strong. (Str +2) [Xom's
                  | mischief]
  6974 | D:7      | XOM: noise
  7107 | D:7      | XOM is BORED!
  7107 | D:7      | XOM: summons 5 hostile demons
  7141 | D:7      | XOM: give mutations
  7141 | D:7      | Lost mutation: Your muscles are strong. (Str +2) [Xom's
                  | mischief]
  7141 | D:7      | Gained mutation: Your mind is acute. (Int +2) [Xom's
                  | mischief]
  7311 | D:7      | XOM: noise
  7361 | D:7      | Noticed a gargoyle
  7363 | D:7      | Found a hazy altar of Hepliaklqana.
  7364 | D:7      | Found a faded altar of an unknown god.
  7366 | D:7      | Killed a gargoyle
  7389 | D:7      | Found a staircase to the Ecumenical Temple.
  7548 | D:7      | Reached skill level 7 in Stealth
  7548 | D:7      | Reached XP level 10. HP: 94/94 MP: 10/10
  7583 | D:7      | Found a sparkling altar of Nemelex Xobeh.
  7745 | D:7      | XOM: noise
  7802 | D:7      | XOM: divination: detect creatures
  8030 | D:8      | XOM: noise
  8111 | D:8      | Found a staircase to the Lair.
  8189 | D:8      | XOM: confuse monster(s)
  8297 | D:8      | XOM: silly message
  8396 | D:8      | Found a white marble altar of Elyvilon.
  8570 | D:8      | XOM: divination: detect items
  8759 | Lair:1   | Entered Level 1 of the Lair of Beasts
  8915 | Lair:1   | XOM: 1-stop teleportation journey
  8933 | Lair:1   | XOM: god gift: 11 gold pieces
  8955 | Lair:1   | XOM: divination: detect creatures
  9013 | Lair:1   | Found a hazy altar of Hepliaklqana.
  9053 | Lair:1   | Identified the +1 leather armour of Meisidoh {rC+}
  9356 | Lair:2   | XOM: summons friendly quasit
  9359 | Lair:2   | Noticed a swamp dragon
  9359 | Lair:2   | a komodo dragon changed into a swamp dragon
  9359 | Lair:2   | XOM: polymorph komodo dragon -> swamp dragon
  9364 | Lair:2   | Killed a swamp dragon
  9365 | Lair:2   | Reached skill level 8 in Stealth
  9412 | Lair:2   | Noticed a cane toad
  9416 | Lair:2   | Killed a cane toad
  9578 | Lair:2   | XOM: fog
  9591 | Lair:2   | Reached XP level 11. HP: 103/103 MP: 11/11
  9592 | Lair:2   | XOM: summons friendly ufetubus
  9669 | Lair:2   | XOM: confuse monster(s)
  9679 | Lair:2   | XOM: cast spell 'Statue Form'
  9708 | Lair:2   | Noticed an eight-headed hydra
  9714 | Lair:2   | XOM: cast spell 'Summon Hydra'
  9716 | Lair:2   | Killed an eight-headed hydra
  9717 | Lair:2   | Reached skill level 9 in Stealth
  9719 | Lair:2   | HP: 4/156 [yak (7)]
  9721 | Lair:2   | Slain by a yak

Illustrated notes

Levels and vault maps discovered:
D:1:      dpeg_arrival_solitude, layout_rooms, chequers_ecumenical_altar_simple
D:2:      layout_basic, uniq_sigmund, uniq_robin, uniq_natasha
D:3:      layout_loops_ring, nicolae_gozag_zags_fifth_avenue,
          gup_sewer_entry_glass
D:4:      layout_cave_pools, kennysheep_mini_moat
D:5:      layout_basic, nicolae_dithmenos_through_a_glass_darkly,
          dancing_weapons_uskayaw, uniq_edmund
D:6:      layout_layer_cave, nicolae_ru_awakened_eye
D:7:      layout_basic, beargit_hepliaklqana_dungeon_heroes,
          nemelex_dance_club_becter, minmay_temple_entry_from_below_a
D:8:      layout_rooms, nicolae_elyvilon_temple_path,
          grunt_lair_entry_orc_guard_hut
Lair:1:   hellmonk_ruined_rings, layout_loops_ring, basic_altar
Lair:2:   layout_cellular_growth, chequers_serial_rivers_room_b, minivault_27,
          grunt_megastairs_5

Skill      XL: |  1  2  3  4  5  6  7  8  9 10 11 |
---------------+----------------------------------+-----
Dodging        | 1 2 3 4 5 6 |  6.9
Stealth        | 1 2 3 4 5 7 8 9 |  9.0
Armour         | 2 3 4 5 6 7 |  7.1
Polearms       | 4 5 6 7 8 |  8.9
Fighting       | 4 5 6 7 8 |  8.7

Action                   |  1- 3 |  4- 6 |  7- 9 | 10-12 || total
-------------------------+-------+-------+-------+-------++-------
Melee: Spear             |    44 |       |       |       ||    44
       Trident           |     6 |   123 |       |       ||   129
       Halberd           |       |    37 |   246 |   134 ||   417
       Flail             |       |       |       |     5 ||     5
 Cast: Blink             |       |     1 |       |       ||     1
  Use: Scroll            |       |     2 |    13 |     3 ||    18
       Potion            |       |       |       |     1 ||     1
 Stab: Sleeping          |       |     7 |     6 |     1 ||    14
       Distracted        |       |     2 |     2 |     2 ||     6
       Confused          |       |       |       |     4 ||     4
Armor: Leather armour    |    21 |    65 |    17 |       ||   103
       Ring mail         |       |       |    92 |    38 ||   130
       Skin              |       |       |       |     1 ||     1
Dodge: Dodged            |    24 |    75 |   128 |    60 ||   287
